Map: [TLMC19] Atlantis

Players

ByuN

  • Race: Terran Terran
  • Spawn Location: 11:00

DKZherO (herO) - Winner!

  • Race: Protoss Protoss
  • League: Master
  • Spawn Location: 5:00

VOD

Have the link to the VOD?

Description

Time

  • Played on: Dec. 23, 2023, 12:18 p.m.
  • Length: 10:59
Show
View Real Time Build Order
Export as new Build Order

ByuN Terran 

Build Orders:  

Get SALT Encoding   

  12  0:00  SCV  
  13  0:12  SCV  
  14  0:17  Supply Depot  
  14  0:24  SCV  
  15  0:38  SCV  
  15  0:40  Barracks  
  16  0:43  Refinery  
  16  0:50  SCV  
  16  0:53  Refinery  
  17  1:02  SCV  
  18  1:14  SCV  
  19  1:23  Supply Depot  
  19  1:26  Reaper  
  19  1:27  Orbital Command  
  20  1:42  Factory  
  20  1:53  SCV  
  21  1:59  Barracks Reactor  
  21  2:05  SCV  
  22  2:17  SCV  
  23  2:23  Command Center  
  23  2:29  SCV  
  24  2:36  Starport  
  24  2:40  Widow Mine  
  24  2:42  SCV  
  27  2:46  Supply Depot  
  27  2:48  Marine  
  28  2:54  SCV  
  29  3:01  Widow Mine  
  31  3:07  SCV, Marine x2  
  34  3:15  Medivac  
  34  3:19  SCV  
  37  3:23  Factory Tech Lab  
  37  3:27  Marine x2  
  39  3:35  SCV  
  39  3:41  Cyclone  
  39  3:47  Starport Tech Lab, SCV  
  42  3:48  Marine x2  
  42  3:55  Orbital Command  
  44  3:59  SCV  
  45  4:05  Supply Depot  
  47  4:11  SCV, Marine x2  
  48  4:19  Barracks  
  48  4:21  SCV, Barracks  
  48  4:23  SCV  
  50  4:29  Siege Tank  
  51  4:33  SCV  
  51  4:36  Marine x2  
  54  4:42  SCV  
  54  4:45  SCV  
  52  4:48  Supply Depot  
  52  4:50  Bunker  
  52  4:53  Marine  
  52  4:54  Marine  
  52  4:57  Engineering Bay  
  52  4:58  SCV x2  
  56  5:10  SCV x2  
  56  5:11  Marine x2  
  56  5:12  Stimpack  
  56  5:13  Marauder x2  
  64  5:14  Factory Reactor  
  64  5:15  Combat Shield  
  64  5:21  Refinery  
  64  5:22  Supply Depot  
  64  5:25  Terran Infantry Weapons Level 1  
  64  5:27  Starport Reactor  
  64  5:28  SCV  
  64  5:29  SCV  
  66  5:37  Marauder x2  
  70  5:43  Supply Depot  
  70  5:44  Marine x2  
  70  5:45  Supply Depot  
  70  5:46  Missile Turret  
  70  5:47  SCV x2  
  74  5:52  Missile Turret  
  74  5:59  SCV x2  
  74  6:00  Marauder  
  78  6:04  Marauder  
  78  6:05  Marine x2  
  78  6:07  Medivac  
  78  6:08  Medivac  
  78  6:10  Refinery  
  86  6:13  SCV x2  
  86  6:18  Supply Depot  
  88  6:22  Widow Mine  
  88  6:23  Widow Mine  
  92  6:27  Marauder  
  92  6:31  Supply Depot  
  92  6:32  Marine x2  
  94  6:33  Marauder  
  94  6:34  SCV x2  
  100  6:44  Medivac x2  
  102  6:49  Concussive Shells  
  102  6:51  Marine  
  102  6:52  Marine, Marauder  
  106  6:54  Marauder  
  106  7:01  Command Center  
  108  7:05  Widow Mine  
  110  7:10  SCV x2  
  110  7:11  Barracks  
  110  7:12  Barracks  
  112  7:22  Marauder x2  
  116  7:25  Marine x2  
  117  7:41  Widow Mine x2  
  118  7:47  Marine, Marauder  
  118  7:54  Marine, Medivac x2  
  118  7:55  Marauder  
  125  8:01  Barracks Tech Lab  
  125  8:04  Marine  
  125  8:05  Supply Depot, Barracks Reactor  
  125  8:12  Marine, Widow Mine  
  131  8:13  Marauder, Widow Mine  
  131  8:16  Marauder  
  131  8:19  SCV  
  130  8:21  SCV  
  114  8:31  SCV  
  107  8:34  Marine x2, Marauder x2  
  107  8:35  Widow Mine x2  
  107  8:37  SCV  
  105  8:43  SCV  
  101  8:49  SCV  
  101  8:51  Marauder  
  100  8:55  SCV, Marauder  
  100  8:56  Widow Mine  
  100  8:57  Widow Mine  
  100  9:01  SCV  
  97  9:06  Marine x2, Marauder  
  97  9:08  SCV, Marine  
  97  9:09  Marine  
  98  9:15  Marine  
  100  9:20  SCV x2  
  100  9:23  Marauder  
  104  9:27  Marauder  
  104  9:28  Marine x2  
  104  9:31  Marine  
  107  9:36  Medivac x2  
  111  9:41  SCV x2  
  113  9:50  Marine, Marauder x3  
  113  9:51  Marine x2  
  120  9:53  SCV  
  120  9:59  SCV  
  106  10:05  SCV  
  94  10:11  SCV  
  94  10:12  Marauder  
  89  10:14  Orbital Command, Marine  
  89  10:18  SCV  
  89  10:19  Marine x2  
  93  10:23  SCV, Marauder x2  
  98  10:29  Marine  
  98  10:30  Widow Mine x2  
  102  10:40  SCV x2  
  88  10:44  SCV  
Show
View Real Time Build Order
Export as new Build Order

DKZherO Protoss - Winner!

Build Orders: 1 Gate Expand, Oracle Opening, Blink Stalkers 

Get SALT Encoding   

  12  0:00  Probe  
  13  0:12  Probe  
  14  0:17  Pylon  
  14  0:24  Probe  
  15  0:35  Gateway  
  15  0:36  Probe (Chrono Boost)  
  15  0:41  Assimilator  
  16  0:48  Probe (Chrono Boost)  
  17  0:53  Probe (Chrono Boost)  
  18  1:02  Probe  
  19  1:14  Probe  
  20  1:24  Cybernetics Core  
  20  1:34  Nexus  
  20  1:40  Pylon  
  20  1:42  Probe  
  21  1:50  Assimilator  
  21  1:55  Probe  
  21  1:59  Adept (Chrono Boost)  
  24  2:07  Probe  
  25  2:15  Stargate  
  25  2:19  Probe  
  25  2:20  Adept  
  28  2:28  Warp Gate  
  28  2:31  Probe  
  30  2:46  Probe x2 (Chrono Boost)  
  33  2:57  Pylon, Probe (Chrono Boost)  
  35  2:59  Probe (Chrono Boost)  
  35  3:00  Oracle (Chrono Boost)  
  35  3:02  Probe (Chrono Boost)  
  37  3:07  Probe  
  37  3:13  Probe  
  37  3:17  Twilight Council  
  37  3:19  Probe  
  39  3:23  Gateway  
  39  3:27  Gateway  
  39  3:31  Shield Battery  
  39  3:34  Probe  
  40  3:36  Probe  
  40  3:40  Shield Battery  
  41  3:45  Stalker  
  43  3:49  Probe x2  
  43  3:53  Blink (Chrono Boost)  
  45  3:58  Pylon  
  45  4:03  Probe  
  46  4:16  Probe, Phoenix (Chrono Boost)  
  49  4:18  Probe  
  50  4:28  Probe  
  50  4:29  Stalker  
  53  4:37  Probe  
  54  4:45  Pylon  
  54  4:46  Nexus  
  54  4:51  Pylon  
  54  4:54  Shield Battery  
  54  5:01  Forge, Probe  
  54  5:03  Probe  
  56  5:09  Probe (Chrono Boost)  
  56  5:10  Stalker x2  
  61  5:15  Probe (Chrono Boost)  
  61  5:17  Pylon  
  61  5:18  Sentry  
  65  5:22  Probe (Chrono Boost)  
  65  5:27  Probe (Chrono Boost)  
  66  5:29  Gateway  
  66  5:30  Charge, Protoss Ground Armor Level 1 (Chrono Boost), Pylon  
  66  5:31  Probe (Chrono Boost)  
  66  5:32  Probe (Chrono Boost)  
  68  5:43  Probe x2  
  68  5:47  Gateway  
  68  5:48  Gateway  
  70  5:56  Probe x2  
  72  5:58  Probe  
  72  6:01  Pylon  
  72  6:02  Gateway  
  73  6:06  Gateway  
  73  6:09  Probe  
  73  6:10  Zealot, Sentry  
  73  6:11  Probe  
  79  6:15  Zealot  
  81  6:21  Robotics Facility  
  81  6:28  Gateway  
  81  6:33  Nexus  
  81  6:35  Pylon  
  81  6:42  Zealot x4  
  89  6:47  Pylon  
  89  6:49  Zealot  
  89  6:52  Photon Cannon  
  89  6:58  Shield Battery  
  89  7:01  Pylon  
  89  7:06  Zealot x6, Sentry  
  103  7:09  Protoss Ground Weapons Level 1 (Chrono Boost)  
  105  7:18  Probe x3  
  105  7:20  Immortal (Chrono Boost)  
  104  7:38  Zealot x8  
  104  7:39  Probe x3  
  113  7:49  Warp Prism (Chrono Boost)  
  111  7:53  Probe x3  
  111  7:54  Photon Cannon  
  111  7:56  Assimilator  
  115  8:01  Robotics Bay  
  115  8:04  Zealot x5  
  124  8:10  Zealot x3  
  130  8:15  Immortal (Chrono Boost)  
  130  8:24  Zealot x4  
  130  8:25  Zealot  
  134  8:32  Zealot  
  134  8:33  Zealot x2  
  107  8:47  Immortal (Chrono Boost)  
  89  8:49  Zealot x5  
  74  9:04  Stalker x3, Probe x3  
  83  9:15  Probe  
  83  9:16  Probe x3  
  86  9:17  Stalker x2  
  86  9:18  Zealot  
  86  9:19  Zealot x2  
  96  9:28  Probe x4  
  100  9:37  Zealot x3  
  106  9:42  Sentry  
  106  9:43  Zealot x4  
  116  9:48  Probe x4  
  120  9:58  Zealot x2  
  113  10:06  Stalker x2  
  113  10:07  Stalker  
  107  10:12  Probe x3  
  107  10:13  Probe  
  111  10:17  Pylon  
  111  10:26  Zealot x5  
  121  10:28  Gateway  
  121  10:30  Zealot  
  121  10:32  Gateway  
  121  10:43  Zealot  
  121  10:44  Zealot  
  121  10:47  Zealot x3  
  121  10:48  Zealot x2  
Tags
 
Add a new tag
Caveats
  • Supply blocks, unpowered buildings, or Contaminate may cause inaccurate times.
  • Supply counts are checked every 10 seconds.